 Dungeon Crawl Stone Soup version 0.24.0-1-gfbc8707 (webtiles) character file.

Game seed: 12201680945195130697, levelgen mode: deterministic

212 JeffiDaFish the Skirmisher (level 5, -14/34 HPs)
             Began as a Gargoyle Fighter on Oct 27, 2019.
             Engulfed by Pikel's freezing vapour (27 damage)
             ... on level 4 of the Dungeon.
             The game lasted 00:03:53 (2870 turns).

JeffiDaFish the Skirmisher (Gargoyle Fighter)       Turns: 2870, Time: 00:03:53

Health: -14/34     AC: 13    Str: 24 (26) XL:     5   Next: 90%
Magic:  5/5        EV:  6    Int:  7 (8)  God:
Gold:   204        SH:  9    Dex:  7 (9)  Spells: 4/4 levels left

rFire    . . .     SeeInvis .   j - +1 morningstar
rCold    . . .     Gourm    .   c - +0 shield
rNeg     + . .     Faith    .   m - +0 chain mail
rPois    ∞         Spirit   .   (no helmet)
rElec    +         Reflect  .   (no cloak)
rCorr    .         Harm     .   (no gloves)
MR       .....                  (no boots)
Stlth    ..........             (no amulet)
HPRegen  0.11/turn              (no ring)
MPRegen  0.09/turn              (no ring)

@: mighty
A: negative energy resistance 1, electricity resistance, unbreathing,
petrification resistance, rot immunity, AC +4
a: no special abilities


You were on level 4 of the Dungeon.
You were hungry.

You visited 1 branch of the dungeon, and saw 4 of its levels.

You collected 204 gold pieces.

Inventory:

Hand Weapons
 j - a +1 morningstar (weapon)
Armour
 c - a +0 shield (worn)
 m - a +0 chain mail (worn)
Wands
 a - a wand of random effects (23)
Scrolls
 b - a scroll of teleportation
 h - a scroll of amnesia
 i - a scroll of identify
Potions
 e - 5 potions of haste
 l - a potion of curing
Comestibles
 f - 9 rations


   Skills:
 * Level 4.8 Fighting
 * Level 3.7 Maces & Flails
 + Level 4.2 Armour
 + Level 4.1 Shields


You had 4 spell levels left.
You didn't know any spells.
Your spell library was empty.

Dungeon Overview and Level Annotations

Branches:
Dungeon (4/15)
 Temple: D:4-7

Altars:
Wu Jian

Annotations:
D:4 Pikel


Innate Abilities, Weirdness & Mutations

You are resistant to torment.
Your stone body is resilient. (AC +4)
You are immune to poison.
You resist negative energy. (rN+)
You are resistant to electric shocks. (rElec)
You can survive without breathing.
You are immune to petrification.
You are immune to rotting.


Message History

You feel very mighty all of a sudden.
Your chain mail prevents you from hitting Pikel.
You hit Pikel but do no damage. You block Pikel's attack.
Pikel hits you but does no damage.
Your chain mail prevents you from hitting Pikel.
Pikel hits you but does no damage.
You hit Pikel but do no damage.
Pikel zaps a wand.
Pikel creates a blast of freezing vapour!
Pikel zaps a wand.
Pikel creates a blast of poison gas!
You closely miss Pikel.
You are engulfed in freezing vapours.
You block Pikel's attack.
You puncture Pikel!
Pikel is moderately wounded.
You are engulfed in freezing vapours.
Pikel hits you but does no damage. You block Pikel's attack.
You miss Pikel.
Pikel is moderately wounded.
You are engulfed in freezing vapours.
Ouch! That really hurt!
You die...

..........Z...<#^#
##.####.########.#
(.......Z# #.#
....####.# #.# ..
####.# #.# #....# #.#
#.#### #.######
#p##########....#.#
#ppK@§§§.....##.#.#
#########.......#.###
#....##......
#####....##.#.###
#.....(##.....#
#......##[#.#####
#......##)#.# #..
#......##.#####.#
#...^..##.# #...#


You could see Pikel and 3 slaves.

Vanquished Creatures
  A slave (D:4)
  An ogre (D:3)
  An iguana (D:4)
  4 adders
  3 worms
  2 leopard geckos (D:2)
  6 orcs
  3 giant cockroaches
  4 goblins
  4 hobgoblins
  5 jackals
  2 ball pythons
  5 bats
  5 frilled lizards
  A jackal skeleton (D:4)
  6 kobolds
  6 rats
59 creatures vanquished.

Notes
Turn   | Place    | Note
-------+----------+-------------------------------------------
     0 | D:1      | JeffiDaFish the Gargoyle Fighter began the quest for the
                  | Orb.
     0 | D:1      | Reached XP level 1. HP: 14/14 MP: 1/1
   242 | D:1      | Reached XP level 2. HP: 19/19 MP: 2/2
   901 | D:2      | Reached XP level 3. HP: 23/24 MP: 3/3
  1063 | D:2      | Found an ornate altar of the Wu Jian Council.
  1251 | D:2      | Reached XP level 4. HP: 29/29 MP: 4/4
  1330 | D:3      | Noticed an ogre
  1338 | D:3      | Killed an ogre
  1338 | D:3      | Reached XP level 5. HP: 34/34 MP: 5/5
  2535 | D:4      | Noticed a slave
  2557 | D:4      | Killed a slave
  2845 | D:4      | Noticed a slave
  2845 | D:4      | Noticed a slave
  2845 | D:4      | Noticed a slave
  2845 | D:4      | Noticed Pikel
  2870 | D:4      | Engulfed by Pikel's freezing vapour

Levels and vault maps discovered:
D:1:      dpeg_arrival_chambers_temple_mockup, layout_rooms, serial_glass,
          glass_columns_c, glass_columns_a, due_unseen_surprise
D:2:      layout_rooms, lemuel_crystal_altar
D:3:      layout_basic, first_ration, kennysheep_small_spiral,
          serial_park_tiny_1
D:4:      layout_basic, overflow_temple_1_default,
          ebering_dispersal_statue_hall, uniq_natasha, uniq_crazy_yiuf_cottage,
          uniq_pikel, uniq_edmund

Skill      XL: |  1  2  3  4  5 |
---------------+----------------+-----
Fighting       | 4 |  4.8
Maces & Flails | 3 |  3.7
Armour         | 4 |  4.2
Shields        | 4 |  4.1

Action                   |  1- 3 |  4- 6 || total
-------------------------+-------+-------++-------
Melee: Flail             |   118 |    75 ||   193
       Morningstar       |       |    54 ||    54
  Use: Scroll            |     5 |     2 ||     7
       Potion            |     1 |     4 ||     5
  Eat: Chunk             |     1 |     5 ||     6
Armor: Scale mail        |    67 |    39 ||   106
       Chain mail        |       |    29 ||    29
Dodge: Dodged            |    44 |    41 ||    85
Block: Shield            |    55 |    54 ||   109
